 Dungeon Crawl Stone Soup version 0.20.1-1-g8b1a95d (webtiles) character file.

36 Irenicus the Slasher (level 3, 0/26 HPs)
             Began as an Octopode Chaos Knight on Oct 13, 2017.
             Succumbed to a goblin's poison
             ... on level 2 of the Dungeon.
             The game lasted 00:01:54 (691 turns).

Irenicus the Slasher (Octopode Chaos Knight)         Turns: 691, Time: 00:01:54

Health: 0/26       AC:  1    Str: 11    XL:     3   Next: 37%
Magic:  3/3        EV: 13    Int: 14    God:    Xom [..*...]
Gold:   93         SH:  0    Dex: 12    Spells: 2/2 levels left

rFire    + . .     SeeInvis .   a - +0 falchion (chaos)
rCold    + . .     Gourm    .   (no shield)
rNeg     + . .     Faith    .   (helmet restricted)
rPois    +         Spirit   +   g - amulet of guardian spirit
rElec    +         Reflect  .   e - ring of positive energy
rCorr    +         Harm     .   i - ring of wizardry
MR       .....                  (no ring)
Stlth    ++........             (no ring)
Regen    0.1/turn               (no ring)
MPRegen  0.1/turn               (no ring)
                                (no ring)
                                (no ring)

@: lethally poisoned (0 -> -6), resistant
A: almost no armour, stealthy swim, amphibious, 8 rings, constrict 8, camouflage
1, gelatinous body 1
a: Renounce Religion


You were on level 2 of the Dungeon.
You worshipped Xom.
You were a toy of Xom.
You were not hungry.

You visited 1 branch of the dungeon, and saw 2 of its levels.

You collected 93 gold pieces.

Inventory:

Hand Weapons
 a - a +0 falchion of chaos (weapon)
Jewellery
 e - a ring of positive energy (left tentacle)
 g - an amulet of guardian spirit (around mantle)
 i - a ring of wizardry (right tentacle)
 k - an uncursed ring of protection from fire {unknown}
Scrolls
 c - a scroll of amnesia {unknown}
 d - a scroll of remove curse {unknown}
 j - a scroll of random uselessness {unknown}
Potions
 l - a potion of resistance
Comestibles
 b - 2 bread rations
 f - 3 fruits
 m - 2 meat rations


   Skills:
 - Level 3.0 Fighting
 + Level 4.3 Long Blades
 - Level 2.3 Dodging


You had 2 spell levels left.
You didn't know any spells.

Dungeon Overview and Level Annotations

Branches:
Dungeon (2/15)

Altars:

Annotations:
D:2 Robin


Innate Abilities, Weirdness & Mutations

You cannot wear most types of armour.
You are very stealthy in the water. (Stealth+)
You are amphibious.
You can wear up to eight rings at the same time.
You can use your tentacles to constrict eight enemies at once.
Your skin changes colour to match your surroundings (Stealth+).
Your rubbery body absorbs attacks. (AC +1, EV +1)


Message History

Xom thinks this is hilarious!
* * * LOW HITPOINT WARNING * * *
You feel sick.
The goblin hits your ice beast with a dagger.
Your ice beast hits the goblin.
The goblin dies!
Unknown command.
* * * LOW HITPOINT WARNING * * *
You feel sick.
Your ice beast disappears in a puff of smoke!
* * * LOW HITPOINT WARNING * * *
You feel sick.
* * * LOW HITPOINT WARNING * * *
You feel sick.
* * * LOW HITPOINT WARNING * * *
You feel sick.
* * * LOW HITPOINT WARNING * * *
You feel sick.
You die...
Xom howls with laughter!

###...####..##########.##.#
#...# #†.g.g)gg.....##.#
.........#g#############.#
####.####.#.# #.# #.# #.#g#
#.# #. #.#.# #.#.# #.# #@#
#.# #.. ####


You could see Robin, a hobgoblin and a goblin.

Vanquished Creatures
  An adder (D:1)
  2 dart slugs (D:1)
  A leopard gecko (D:1)
  4 hobgoblins
  2 jackals (D:2)
  2 kobolds
  3 bats
  A frilled lizard (D:2)
  3 goblins
  3 rats (D:1)
22 creatures vanquished.

Vanquished Creatures (collateral kills)
  A goblin (D:2)
  A hobgoblin (D:2)
2 creatures vanquished.

Grand Total: 24 creatures vanquished

Notes
Turn   | Place    | Note
-------+----------+-------------------------------------------
     0 | D:1      | Irenicus the Octopode Chaos Knight began the quest for the Orb.
     0 | D:1      | Reached XP level 1. HP: 16/16 MP: 1/1
   178 | D:1      | Reached XP level 2. HP: 16/21 MP: 2/2
   390 | D:1      | XOM: harmless Hex miscast
   393 | D:1      | Reached skill level 4 in Long Blades
   459 | D:1      | XOM: smoke on damage
   461 | D:1      | Reached XP level 3. HP: 20/26 MP: 3/3
   660 | D:2      | Noticed Robin
   675 | D:2      | XOM: cast spell 'Summon Ice Beast'
   690 | D:2      | HP: 1/26 [poisoned by a goblin]
   691 | D:2      | Succumbed to a goblin's poison

Skill      XL: |  1  2 |
---------------+-------+-----
Long Blades    | 4 |  4.3
Fighting       | |  3.0
Dodging        | |  2.3

Action                   || total
-------------------------++-------
Melee: Falchion          ||    37
       Constrict         ||    14
       Tentacles         ||     4
  Use: Potion            ||     2
 Stab: Sleeping          ||     3
Armor: Skin              ||     4
Dodge: Dodged            ||    23
       Rpst.: Falchion   ||     7
